A - U25
BELOIT SNAPPERS @ FORT WAYNE TINCAPS
07/09/2052
 
TOP OF THE 1ST
Great Lakes Loons batting - Pitching for Flint Wolverines : RHP Brent Gates
Pitching: RHP Brent Gates
Batting: LHB Derek Byrnes 0-0: Ball
1-0: Ground out U3 (Groundball, 3L, EV 88.1 MPH)
Batting: LHB Lucas Cloutier 0-0: Foul Ball, location: 2F
0-1: Foul Ball, location: 2F
0-2: Foul Ball, location: 2F
0-2: Fly out, F3 (Popup, 23F, EV 78.8 MPH)
Batting: LHB Stedman Reaves 0-0: Called Strike
0-1: Ball
1-1: Called Strike
1-2: Ball
2-2: Ball
3-2: SOLO HOME RUN (Flyball, 7D, EV 95.6 MPH), Distance : 374 ft
Batting: RHB Mickael Miller 0-0: Ball
1-0: Foul Ball, location: 2F
1-1: Ball
2-1: Ball
3-1: Foul Ball, location: 2F
3-2: Strikes out swinging
Top of the 1st over - 1 run, 1 hit, 0 errors, 0 left on base; Great Lakes 1 - Flint 0
BOTTOM OF THE 1ST
Flint Wolverines batting - Pitching for Great Lakes Loons : RHP Kaleb Meenach
Pitching: RHP Kaleb Meenach
Batting: SHB Cameron Blickley 0-0: Swinging Strike
0-1: Ball
1-1: Ball
2-1: SINGLE (Groundball, 5D, EV 100.6 MPH)
Batting: RHB Micah Klaas 0-0: Ball
1-0: Swinging Strike
1-1: Called Strike
1-2: Ball
2-2: Grounds into double play, 5-4-3 (Groundball, 56S, EV 84.4 MPH)
Batting: RHB Pete Simmons 0-0: Called Strike
0-1: Ball
1-1: Ball
2-1: Swinging Strike
2-2: Strikes out swinging
Bottom of the 1st over - 0 runs, 1 hit, 0 errors, 0 left on base; Great Lakes 1 - Flint 0
TOP OF THE 2ND
Great Lakes Loons batting - Pitching for Flint Wolverines : RHP Brent Gates
Batting: RHB Ivory Moore 0-0: Foul Ball, location: 2F
0-1: Ball
1-1: Swinging Strike
1-2: Ball
2-2: Strikes out swinging
Batting: RHB John Jackson 0-0: Called Strike
0-1: Ball
1-1: Ball
2-1: Ball
3-1: Ground out 5-3 (Groundball, 5, EV 108.1 MPH)
Batting: RHB Cooper McCaughey 0-0: Ball
1-0: Foul Ball, location: 2F
1-1: Ball
2-1: Foul Ball, location: 2F
2-2: Ball
3-2: SINGLE (Line Drive, 78S, EV 108.1 MPH)
Batting: LHB Joe Keller 0-0: Foul Ball, location: 2F
0-1: Swinging Strike
0-2: Ball
1-2: Foul Ball, location: 2F
1-2: Strikes out looking
Top of the 2nd over - 0 runs, 1 hit, 0 errors, 1 left on base; Great Lakes 1 - Flint 0
BOTTOM OF THE 2ND
Flint Wolverines batting - Pitching for Great Lakes Loons : RHP Kaleb Meenach
Batting: SHB Tim Rondeau 0-0: Foul Ball, location: 2F
0-1: Called Strike
0-2: Ball
1-2: Ball
2-2: Strikes out swinging
Batting: LHB Hayden Murray 0-0: Fly out, F7 (Flyball, 7, EV 95.0 MPH)
Batting: RHB Júlio Moreno 0-0: Fly out, F6 (Popup, 56D, EV 55.6 MPH)
Bottom of the 2nd over - 0 runs, 0 hits, 0 errors, 0 left on base; Great Lakes 1 - Flint 0
TOP OF THE 3RD
Great Lakes Loons batting - Pitching for Flint Wolverines : RHP Brent Gates
Batting: RHB Josh Goris 0-0: Swinging Strike
0-1: Swinging Strike
0-2: Strikes out swinging
Batting: LHB Derek Byrnes 0-0: Called Strike
0-1: Swinging Strike
0-2: Strikes out swinging
Batting: LHB Lucas Cloutier 0-0: DOUBLE (Groundball, 3L, EV 109.4 MPH)
Batting: LHB Stedman Reaves 0-0: Called Strike
0-1: Foul Ball, location: 2F
0-2: Ball
1-2: Ball
2-2: Fly out, F7 (Flyball, 78M, EV 88.8 MPH)
Top of the 3rd over - 0 runs, 1 hit, 0 errors, 1 left on base; Great Lakes 1 - Flint 0
BOTTOM OF THE 3RD
Flint Wolverines batting - Pitching for Great Lakes Loons : RHP Kaleb Meenach
Pitching: LHP Aaron Kolb
Batting: RHB Callen Padgett 0-0: Swinging Strike
0-1: Called Strike
0-2: Ball
1-2: Ball
2-2: Ball
3-2: Fly out, F7 (Flyball, 7S, EV 96.2 MPH)
Pitching: RHP Wyman Hollis
Batting: RHB Brad Snyder 0-0: Ground out 5-3 (Groundball, 56, EV 105.0 MPH)
Batting: RHB Jovanny Marta 0-0: Foul Ball, location: 2F
0-1: Ball
1-1: SINGLE (Flyball, 7S, EV 97.5 MPH)
Batting: SHB Cameron Blickley 0-0: Called Strike
0-1: Foul Ball, location: 2F
0-2: Ball
1-2: Foul Ball, location: 2F
1-2: Ball
2-2: Ball
3-2: Fly out, F8 (Flyball, 8LS, EV 91.2 MPH)
Bottom of the 3rd over - 0 runs, 1 hit, 0 errors, 1 left on base; Great Lakes 1 - Flint 0
TOP OF THE 4TH
Great Lakes Loons batting - Pitching for Flint Wolverines : RHP Brent Gates
Batting: RHB Mickael Miller 0-0: Fly out, F9 (Flyball, 89D, EV 93.1 MPH)
Batting: RHB Ivory Moore 0-0: Ball
1-0: Ball
2-0: Called Strike
2-1: Ball
3-1: Base on Balls
Batting: RHB John Jackson 0-0: Foul Ball, location: 2F
0-1: Grounds into double play, 5-4-3 (Groundball, 5, EV 100.0 MPH)
Top of the 4th over - 0 runs, 0 hits, 0 errors, 0 left on base; Great Lakes 1 - Flint 0
BOTTOM OF THE 4TH
Flint Wolverines batting - Pitching for Great Lakes Loons : RHP Wyman Hollis
Batting: RHB Micah Klaas 0-0: Called Strike
0-1: Ball
1-1: Swinging Strike
1-2: Strikes out looking
Batting: RHB Pete Simmons 0-0: Fly out, F7 (Flyball, 7, EV 97.5 MPH)
Batting: SHB Tim Rondeau 0-0: Called Strike
0-1: Called Strike
0-2: Strikes out swinging
Bottom of the 4th over - 0 runs, 0 hits, 0 errors, 0 left on base; Great Lakes 1 - Flint 0
TOP OF THE 5TH
Great Lakes Loons batting - Pitching for Flint Wolverines : RHP Brent Gates
Batting: RHB Cooper McCaughey 0-0: Swinging Strike
0-1: Ball
1-1: Ball
2-1: Fly out, F8 (Line Drive, 8LM, EV 87.5 MPH)
Batting: LHB Joe Keller 0-0: Foul Ball, location: 2F
0-1: Ground out 4-3 (Groundball, 4S, EV 81.2 MPH)
Batting: RHB Josh Goris 0-0: Foul Ball, location: 2F
0-1: Ball
1-1: Ball
2-1: Ball
3-1: SINGLE (Line Drive, 4MD, EV 99.4 MPH)
Batting: LHB Derek Byrnes 0-0: Called Strike
0-1: Ball
1-1: DOUBLE (Line Drive, 3D, EV 97.5 MPH)
Josh Goris to third
Batting: LHB Lucas Cloutier 0-0: SINGLE (Line Drive, 8LS, EV 106.2 MPH)
Josh Goris scores
Derek Byrnes to third
Runner from 3rd tries for Home, SAFE, throw by CF to home
Lucas Cloutier to second
Batting: LHB Stedman Reaves 0-0: Swinging Strike
0-1: Ball
1-1: DOUBLE (Flyball, 78D, EV 105.0 MPH)
Lucas Cloutier scores
Pitching: RHP Lester De Los Santos
Batting: RHB Mickael Miller 0-0: Fly out, F8 (Flyball, 8LD, EV 85.0 MPH)
Top of the 5th over - 3 runs, 4 hits, 0 errors, 1 left on base; Great Lakes 4 - Flint 0
BOTTOM OF THE 5TH
Flint Wolverines batting - Pitching for Great Lakes Loons : RHP Wyman Hollis
Batting: LHB Hayden Murray 0-0: Ball
1-0: Ground out 6-3 (Groundball, 6, EV 87.5 MPH)
Batting: RHB Júlio Moreno 0-0: Ball
1-0: Ball
2-0: Swinging Strike
2-1: Foul Ball, location: 2F
2-2: Strikes out swinging
Batting: RHB Callen Padgett 0-0: Called Strike
0-1: Ball
1-1: Swinging Strike
1-2: Strikes out swinging
Bottom of the 5th over - 0 runs, 0 hits, 0 errors, 0 left on base; Great Lakes 4 - Flint 0
TOP OF THE 6TH
Great Lakes Loons batting - Pitching for Flint Wolverines : RHP Lester De Los Santos
Batting: RHB Ivory Moore 0-0: Ball
1-0: Ball
2-0: Ball
3-0: Called Strike
3-1: Foul Ball, location: 2F
3-2: SOLO HOME RUN (Flyball, 78XD, EV 98.8 MPH), Distance : 403 ft
Batting: RHB John Jackson 0-0: SINGLE (Line Drive, 9S, EV 95.6 MPH)
Batting: RHB Cooper McCaughey 0-0: Called Strike
0-1: Ball
1-1: Called Strike
1-2: Fly out, F8 (Flyball, 8LXD, EV 108.8 MPH)
Batting: LHB Joe Keller 0-0: Ball
1-0: Grounds into double play, 4-6-3 (Groundball, 4, EV 80.6 MPH)
Top of the 6th over - 1 run, 2 hits, 0 errors, 0 left on base; Great Lakes 5 - Flint 0
BOTTOM OF THE 6TH
Flint Wolverines batting - Pitching for Great Lakes Loons : RHP Wyman Hollis
Batting: RHB Brad Snyder 0-0: Ball
1-0: DOUBLE (Line Drive, 9LS, EV 88.8 MPH)
Batting: RHB Jovanny Marta 0-0: Called Strike
0-1: Foul Ball, location: 2F
0-2: Ground out 3-1 (Groundball, 34S, EV 80.6 MPH)
Brad Snyder to third
Batting: SHB Cameron Blickley 0-0: Ball
1-0: Foul Ball, location: 2F
1-1: Ball
2-1: Ball
3-1: Base on Balls
Batting: RHB Micah Klaas 0-0: Ball
1-0: Ball
2-0: Ball
3-0: Called Strike
3-1: Called Strike
3-2: Foul Ball, location: 2F
3-2: Strikes out looking
Pitching: LHP Pete Correia
Batting: RHB Pete Simmons 0-0: SINGLE (Line Drive, 8LS, EV 89.4 MPH)
Brad Snyder scores
Cameron Blickley to second
Batting: SHB Tim Rondeau 0-0: Called Strike
0-1: Swinging Strike
0-2: Ball
1-2: Ball
2-2: Strikes out swinging
Bottom of the 6th over - 1 run, 2 hits, 0 errors, 2 left on base; Great Lakes 5 - Flint 1
TOP OF THE 7TH
Great Lakes Loons batting - Pitching for Flint Wolverines : RHP Lester De Los Santos
Batting: RHB Josh Goris 0-0: Called Strike
0-1: Ground out 5-3 (Groundball, 56, EV 86.9 MPH)
Batting: LHB Derek Byrnes 0-0: Ball
1-0: Ball
2-0: Ball
3-0: Base on Balls
Batting: LHB Lucas Cloutier 0-0: Swinging Strike
0-1: Called Strike
0-2: Strikes out looking
Batting: LHB Stedman Reaves 0-0: Ball
Derek Byrnes steals 2nd base
1-0: Called Strike
1-1: Foul Ball, location: 2F
1-2: Strikes out swinging
Top of the 7th over - 0 runs, 0 hits, 0 errors, 1 left on base; Great Lakes 5 - Flint 1
BOTTOM OF THE 7TH
Flint Wolverines batting - Pitching for Great Lakes Loons : LHP Pete Correia
Batting: LHB Hayden Murray 0-0: Ball
1-0: Ball
2-0: Ball
3-0: Base on Balls
Batting: RHB Júlio Moreno 0-0: Ground out 5-3 (Groundball, 5S, EV 63.8 MPH)
Hayden Murray to second
Batting: RHB Callen Padgett 0-0: Ball
1-0: Ball
2-0: Fly out, F4 (Popup, 34S, EV 77.5 MPH)
Batting: RHB Brad Snyder 0-0: SINGLE (Groundball, 3D, EV 100.6 MPH)
Hayden Murray to third
Runner from 3rd tries for Home, SAFE, throw by RF to home
Batting: RHB Jovanny Marta 0-0: Swinging Strike
0-1: Foul Ball, location: 2F
0-2: Strikes out swinging
Bottom of the 7th over - 1 run, 1 hit, 0 errors, 1 left on base; Great Lakes 5 - Flint 2
TOP OF THE 8TH
Great Lakes Loons batting - Pitching for Flint Wolverines : RHP Lester De Los Santos
Pitching: RHP John-Paul Shigo
Batting: RHB Mickael Miller 0-0: Ball
1-0: Foul Ball, location: 2F
1-1: Ball
2-1: Foul Ball, location: 2F
2-2: Foul Ball, location: 2F
2-2: Foul Ball, location: 2F
2-2: Strikes out swinging
Batting: RHB Ivory Moore 0-0: Called Strike
0-1: Ground out 6-3 (Groundball, P, EV 83.1 MPH)
Batting: RHB John Jackson 0-0: Ball
1-0: Ball
2-0: Fly out, F8 (Flyball, 8LD, EV 101.9 MPH)
Top of the 8th over - 0 runs, 0 hits, 0 errors, 0 left on base; Great Lakes 5 - Flint 2
BOTTOM OF THE 8TH
Flint Wolverines batting - Pitching for Great Lakes Loons : LHP Pete Correia
Batting: SHB Cameron Blickley 0-0: Ball
1-0: Called Strike
1-1: Foul Ball, location: 2F
1-2: Ball
2-2: Ground out 1-3 (Groundball, 13S, EV 65.0 MPH)
Pitching: RHP Jeremias Robert
Batting: RHB Micah Klaas 0-0: Called Strike
0-1: Fly out, F8 (Flyball, 8LD, EV 103.1 MPH)
Batting: RHB Pete Simmons 0-0: Ball
1-0: Foul Ball, location: 2F
1-1: Ball
2-1: Foul Ball, location: 2F
2-2: Foul Ball, location: 2F
2-2: Strikes out swinging
Bottom of the 8th over - 0 runs, 0 hits, 0 errors, 0 left on base; Great Lakes 5 - Flint 2
TOP OF THE 9TH
Great Lakes Loons batting - Pitching for Flint Wolverines : RHP John-Paul Shigo
Batting: RHB Cooper McCaughey 0-0: Called Strike
0-1: Foul Ball, location: 2F
0-2: Ball
1-2: Fly out, F7 (Flyball, 78D, EV 98.8 MPH)
Batting: LHB Joe Keller 0-0: Hit by Pitch
Batting: RHB Josh Goris 0-0: Fielders Choice at 2nd, 6-4 (Groundball, 6, EV 104.4 MPH)
Batting: LHB Derek Byrnes 0-0: Called Strike
0-1: Foul Ball, location: 2F
0-2: Ball
1-2: Ground out 6-3 (Groundball, P, EV 88.1 MPH)
Top of the 9th over - 0 runs, 0 hits, 0 errors, 1 left on base; Great Lakes 5 - Flint 2
BOTTOM OF THE 9TH
Flint Wolverines batting - Pitching for Great Lakes Loons : RHP Jeremias Robert
Pitching: RHP Reggie Mills
Batting: SHB Tim Rondeau 0-0: Swinging Strike
0-1: Fly out, F8 (Flyball, 8LM, EV 87.5 MPH)
Batting: LHB Hayden Murray 0-0: Ball
1-0: Called Strike
1-1: Foul Ball, location: 2F
1-2: Foul Ball, location: 2F
1-2: Ball
2-2: Ground out 4-3 (Groundball, 34D, EV 110.0 MPH)
Batting: RHB Júlio Moreno 0-0: Fly out, F8 (Flyball, 78D, EV 112.5 MPH)
Bottom of the 9th over - 0 runs, 0 hits, 0 errors, 0 left on base; Great Lakes 5 - Flint 2
Sunday, April 28th , 2024 - OOTP Baseball 24.11 Build 85